Washington Capitals vs Anaheim Ducks
Created - Friday, December 22, 2023 at 09:24
Goals
|
| Washington Capitals |
1 |
3 |
0 |
4 |
| Anaheim Ducks |
0 |
0 |
1 |
1 |
|
Shots
|
| Washington Capitals |
16 |
16 |
7 |
39 |
| Anaheim Ducks |
10 |
9 |
14 |
33 |
|
1st period
1. Washington Capitals , Owen Tippett 1 (Drake Batherson 1, Nick Jensen 3) at 10:05
Penalties :
No Penalty
2nd period
2. Washington Capitals , Brayden Point 2 (Alex Ovechkin 2, Jordan Kyrou 1) at 3:38
3. Washington Capitals , Dominik Kubalik 1 (Cody Glass 1) at 9:57
4. Washington Capitals , Nico Hischier 2 (Jason Robertson 2, Brad Marchand 1) at 16:51
Penalties :
Mason Marchment (ANA) for Slashing (Minor) at 5:27, Josh Manson (ANA) for Fighting (Major) at 11:51, Brayden Point (WSH) for Fighting (Major) at 11:51, Erik Cernak (WSH) for Hooking (Minor) at 13:33, Brenden Dillon (ANA) for Fighting (Major) at 17:44, Ian Cole (WSH) for Fighting (Major) at 17:44, Brenden Dillon (ANA) for instigated a fight (Minor) at 17:44, Brenden Dillon (ANA) for instigated a fight (10 Minutes Misconduct) at 17:44
3rd period
5. Anaheim Ducks , Chandler Stephenson 1 (Jakob Chychrun 2) at 6:29
Penalties :
Cody Glass (WSH) for Hooking (Minor) at 2:34, Erik Cernak (WSH) for Interference (Minor) at 6:43, Mark Scheifele (ANA) for Slashing (Minor) at 15:37
Goalie Stats
Jake Oettinger (WSH), 32 saves from 33 shots - (0.970), W, 2-0-0, 60:00 minutes
Linus Ullmark (ANA), 35 saves from 39 shots - (0.897), L, 0-1-1, 60:00 minutes
Players Stats for Washington Capitals
Player Name G A P +/- PIM S H SB GA TA FO MP PP MP PK MP
------------------------------------------------------------------------------------
Alex Ovechkin 0 1 1 1 0 6 4 0 0 2 1/2 20:50 3:16 0:00
Brad Marchand 0 1 1 0 0 3 1 0 1 0 0/1 17:05 0:00 3:13
Brayden Point 1 0 1 1 5 4 0 1 0 0 16/34 19:15 3:16 0:10
Cody Glass 0 1 1 1 2 0 1 0 1 0 0/0 7:47 0:00 0:07
David Savard 0 0 0 2 0 0 0 4 0 0 0/0 24:28 3:39 3:49
Dominik Kubalik 1 0 1 1 0 1 1 0 0 0 1/1 9:50 0:10 1:37
Drake Batherson 0 1 1 1 0 2 0 0 0 1 1/3 10:25 0:00 0:00
Erik Cernak 0 0 0 0 4 2 2 0 0 0 0/0 20:20 2:18 1:07
Erik Johnson 0 0 0 1 0 1 1 0 0 0 0/0 15:58 0:00 0:50
Ian Cole 0 0 0 0 5 1 1 0 0 1 0/0 18:23 0:00 3:31
Jason Robertson 0 1 1 0 0 5 1 0 1 0 2/3 16:36 2:44 0:00
Jason Zucker 0 0 0 1 0 1 0 0 0 0 0/1 7:58 0:03 0:12
John Carlson 0 0 0 2 0 1 2 4 0 2 0/0 21:06 3:39 0:00
Jordan Kyrou 0 1 1 1 0 4 2 0 2 0 1/2 20:13 2:38 0:00
Nick Foligno 0 0 0 1 0 0 1 0 0 0 1/4 12:01 0:46 2:18
Nick Jensen 0 1 1 1 0 1 1 0 0 1 0/0 20:02 2:18 2:50
Nico Hischier 1 0 1 0 0 4 4 0 0 2 10/14 19:22 2:16 3:13
Owen Tippett 1 0 1 1 0 3 1 0 0 0 0/0 12:32 2:42 1:04
Players Stats for Anaheim Ducks
Player Name G A P +/- PIM S H SB GA TA FO MP PP MP PK MP
------------------------------------------------------------------------------------
Alex Killorn 0 0 0 1 0 3 0 1 3 1 0/3 18:13 2:38 3:27
Brayden Schenn 0 0 0 -1 0 2 3 0 0 0 0/0 14:28 2:38 0:16
Brenden Dillon 0 0 0 -2 17 0 0 2 0 0 0/0 17:58 0:54 2:10
Calle Jarnkrok 0 0 0 -1 0 1 1 0 0 0 0/0 8:15 0:00 0:00
Chandler Stephenson 1 0 1 1 0 3 0 1 0 0 10/14 18:13 2:38 3:27
Esa Lindell 0 0 0 0 0 1 1 0 0 1 0/0 23:15 2:32 3:01
Ivan Provorov 0 0 0 0 0 0 1 1 1 1 0/0 21:10 1:38 3:32
J.T. Compher 0 0 0 -1 0 0 1 0 0 1 1/2 13:18 0:00 1:56
Jakob Chychrun 0 1 1 -2 0 1 1 1 0 0 0/0 20:30 3:25 0:12
John Tavares 0 0 0 -2 0 6 3 0 1 0 17/36 19:31 3:19 0:00
Josh Manson 0 0 0 0 5 0 2 0 0 0 0/0 17:26 0:00 2:59
Joshua Morrissey 0 0 0 -2 0 0 2 2 0 0 0/0 19:05 3:25 0:00
Mark Scheifele 0 0 0 -2 2 6 3 1 0 0 1/1 19:52 3:19 0:00
Mason Marchment 0 0 0 -1 2 0 0 0 0 0 0/0 8:35 0:00 0:00
Max Domi 0 0 0 1 0 3 0 0 0 0 0/0 12:30 0:00 0:50
Nazem Kadri 0 0 0 -1 0 2 0 0 0 1 2/6 9:07 0:00 0:18
Teuvo Teravainen 0 0 0 -1 0 0 0 1 1 0 1/1 13:02 0:00 1:40
William Nylander 0 0 0 -2 0 5 0 1 3 0 0/2 19:31 3:19 0:00
3 Stars
1 - Jake Oettinger (WSH)
2 - Nico Hischier (WSH)
3 - Owen Tippett (WSH)
Power Play
Washington Capitals - 0 on 3 Attempt(s) - 0.00%
Anaheim Ducks - 0 on 3 Attempt(s) - 0.00%
Penalty Kill
Washington Capitals - 3 on 3 Attempt(s) - 100.00%
- Score 0 goal in Penalty Kill
Anaheim Ducks - 3 on 3 Attempt(s) - 100.00%
- Score 0 goal in Penalty Kill
Team Stat
Washington Capitals - Hits : 23 - Faceoff Wins : 33 - Blocked Shots : 9 - Penalty Minutes : 16
Anaheim Ducks - Hits : 18 - Faceoff Wins : 32 - Blocked Shots : 11 - Penalty Minutes : 26
Official
Referees : Kyle Rehman and Wes McCauley
Linesman : Brad Kovachik and Thor Nelson
Game Notes
Josh Manson beats up Brayden Point at 11:51 of 2nd period
Brenden Dillon and Ian Cole fight to a draw at 17:44 of 2nd period
Finance
Level 1 -- Attendance: 5622 (93.70%) -- Ticket Income $562,200
Level 2 -- Attendance: 4138 (82.76%) -- Ticket Income $248,280
Level 3 -- Attendance: 2157 (71.90%) -- Ticket Income $99,222
Level 4 -- Attendance: 4356 (87.12%) -- Ticket Income $108,900
Luxury Box -- Attendance: 877 (87.70%) -- Ticket Income $175,400
Game was played at the Honda Center.
Total Attendance: 17150 (85.75%)
Total Ticket Income: $1,194,002
Other Income: $417,901
Total Income: $1,611,903
Washington Capitals
5 vs 5 Forward
Center Left Wing Right Wing Time % Phy DF OF
1 Brayden Point Alex Ovechkin Jordan Kyrou 40 1 0 4
2 Nico Hischier Brad Marchand Jason Robertson 30 1 0 4
3 Nick Foligno Owen Tippett Drake Batherson 20 1 1 3
4 Cody Glass Dominik Kubalik Jason Zucker 10 1 1 3
5 vs 5 Defense
Defense Defense Time % Phy DF OF
1 John Carlson David Savard 35 2 3 0
2 Erik Cernak Ian Cole 35 2 3 0
3 Nick Jensen Erik Johnson 30 2 3 0
4 John Carlson David Savard 0 2 3 0
PowerPlay Forward
Center Left Wing Right Wing Time % Phy DF OF
1 Brayden Point Alex Ovechkin Jason Robertson 60 1 2 2
2 Nico Hischier Owen Tippett Jordan Kyrou 40 1 2 2
PowerPlay Defense
Defense Defense Time % Phy DF OF
1 John Carlson David Savard 60 1 2 2
2 Nick Jensen Erik Cernak 40 1 2 2
Penalty Kill 4 Players Forward
Center Wing Time % Phy DF OF
1 Nico Hischier Brad Marchand 60 1 2 2
2 Nick Foligno Owen Tippett 40 1 2 2
Penalty Kill 4 Players Defense
Defense Defense Time % Phy DF OF
1 David Savard Ian Cole 60 1 2 2
2 Nick Jensen Erik Cernak 40 1 2 2
Penalty Kill - 3 Players Forward
Forward Time % Phy DF OF
1 Nico Hischier 60 1 2 2
2 Nick Foligno 40 1 2 2
Penalty Kill - 3 Players Defense
Defense Defense Time % Phy DF OF
1 David Savard Ian Cole 60 1 2 2
2 Nick Jensen Erik Cernak 40 1 2 2
4 vs 4 Forward
Center Wing Time % Phy DF OF
1 Brayden Point Jason Robertson 60 1 2 2
2 Nico Hischier Alex Ovechkin 40 1 2 2
4 vs 4 Defense
Defense Defense Time % Phy DF OF
1 John Carlson David Savard 60 1 2 2
2 Erik Cernak Nick Jensen 40 1 2 2
Last Minutes Offensive
Center Left Wing Right Wing Defense Defense
Brayden Point Alex Ovechkin Jason Robertson Nick Jensen John Carlson
Last Minutes Defensive
Center Left Wing Right Wing Defense Defense
Nico Hischier Brad Marchand Nick Foligno David Savard Ian Cole
Goaltenders
Starting : Jake Oettinger
Backup : Sergei Bobrovsky
Extra Forwards
Normal : Jordan Kyrou, Drake Batherson, Dominik Kubalik - PP : Owen Tippett, Brayden Point - PK : Dominik Kubalik
Extra Defensemen
Normal : Erik Johnson, John Carlson, Ian Cole - PP : David Savard - PK : Erik Cernak, David Savard
Penalty Shots
Jason Robertson, Drake Batherson, Brayden Point, Cody Glass, David Savard
Anaheim Ducks
5 vs 5 Forward
Center Left Wing Right Wing Time % Phy DF OF
1 John Tavares William Nylander Mark Scheifele 40 1 1 3
2 Chandler Stephenson Alex Killorn Max Domi 30 1 1 3
3 J.T. Compher Teuvo Teravainen Brayden Schenn 20 1 2 2
4 Nazem Kadri Mason Marchment Calle Jarnkrok 10 1 2 2
5 vs 5 Defense
Defense Defense Time % Phy DF OF
1 Esa Lindell Joshua Morrissey 35 1 2 2
2 Brenden Dillon Jakob Chychrun 35 1 2 2
3 Ivan Provorov Josh Manson 30 1 2 2
4 Esa Lindell Ivan Provorov 0 1 2 2
PowerPlay Forward
Center Left Wing Right Wing Time % Phy DF OF
1 John Tavares William Nylander Mark Scheifele 60 1 0 4
2 Chandler Stephenson Alex Killorn Brayden Schenn 40 1 0 4
PowerPlay Defense
Defense Defense Time % Phy DF OF
1 Joshua Morrissey Jakob Chychrun 55 1 2 2
2 Esa Lindell Brenden Dillon 45 1 2 2
Penalty Kill 4 Players Forward
Center Wing Time % Phy DF OF
1 Chandler Stephenson Alex Killorn 55 1 3 1
2 J.T. Compher Teuvo Teravainen 45 1 3 1
Penalty Kill 4 Players Defense
Defense Defense Time % Phy DF OF
1 Esa Lindell Brenden Dillon 50 1 3 1
2 Ivan Provorov Josh Manson 50 1 3 1
Penalty Kill - 3 Players Forward
Forward Time % Phy DF OF
1 Alex Killorn 50 1 3 1
2 J.T. Compher 50 1 3 1
Penalty Kill - 3 Players Defense
Defense Defense Time % Phy DF OF
1 Esa Lindell Brenden Dillon 50 1 3 1
2 Ivan Provorov Josh Manson 50 1 3 1
4 vs 4 Forward
Center Wing Time % Phy DF OF
1 John Tavares William Nylander 50 1 2 2
2 Max Domi Mark Scheifele 50 1 2 2
4 vs 4 Defense
Defense Defense Time % Phy DF OF
1 Esa Lindell Josh Manson 50 1 2 2
2 Brenden Dillon Joshua Morrissey 50 1 2 2
Last Minutes Offensive
Center Left Wing Right Wing Defense Defense
John Tavares William Nylander Mark Scheifele Joshua Morrissey Jakob Chychrun
Last Minutes Defensive
Center Left Wing Right Wing Defense Defense
Chandler Stephenson Alex Killorn Teuvo Teravainen Brenden Dillon Esa Lindell
Goaltenders
Starting : Linus Ullmark
Backup : Jack Campbell
Extra Forwards
Normal : William Nylander, John Tavares, Mark Scheifele - PP : William Nylander, Mark Scheifele - PK : Alex Killorn
Extra Defensemen
Normal : Brenden Dillon, Esa Lindell, Ivan Provorov - PP : Joshua Morrissey - PK : Esa Lindell, Josh Manson
Penalty Shots
William Nylander, Teuvo Teravainen, Mark Scheifele, Calle Jarnkrok, Alex Killorn
% Time on Ice - Washington Capitals
Lines # - Real PCT - Wanted PCT - Time Play
Normal Forward
1 - 37% - 40% - 17:58
2 - 29% - 30% - 13:53
3 - 18% - 20% - 8:45
4 - 16% - 10% - 7:30
Normal Defense
1 - 35% - 35% - 16:48
2 - 35% - 35% - 16:56
3 - 29% - 30% - 14:09
4 - 0% - 0% - 0:13
PP Forward
1 - 56% - 60% - 3:19
2 - 44% - 40% - 2:38
PP Defense
1 - 61% - 60% - 3:39
2 - 39% - 40% - 2:18
PK Forward
1 - 82% - 60% - 4:53
2 - 18% - 40% - 1:04
PK Defense
1 - 52% - 60% - 3:07
2 - 48% - 40% - 2:50
PK3 Forward
1 - 0% - 60%
2 - 0% - 40%
PK3 Defense
1 - 0% - 60%
2 - 0% - 40%
44 Forward
1 - 0% - 60%
2 - 0% - 40%
44 Defense
1 - 0% - 60%
2 - 0% - 40%
Last Minute Offensive - 0:00
Last Minute Defensive - 0:00
Total
Forward - 60:00
Defense - 60:00
|
% Time on Ice - Anaheim Ducks
Lines # - Real PCT - Wanted PCT - Time Play
Normal Forward
1 - 35% - 40% - 16:55
2 - 24% - 30% - 11:34
3 - 24% - 20% - 11:22
4 - 17% - 10% - 8:15
Normal Defense
1 - 31% - 35% - 14:59
2 - 39% - 35% - 18:51
3 - 30% - 30% - 14:16
4 - 0% - 0% - 0:00
PP Forward
1 - 56% - 60% - 3:19
2 - 44% - 40% - 2:38
PP Defense
1 - 57% - 55% - 3:25
2 - 43% - 45% - 2:32
PK Forward
1 - 72% - 55% - 4:17
2 - 28% - 45% - 1:40
PK Defense
1 - 51% - 50% - 3:01
2 - 49% - 50% - 2:56
PK3 Forward
1 - 0% - 50%
2 - 0% - 50%
PK3 Defense
1 - 0% - 50%
2 - 0% - 50%
44 Forward
1 - 0% - 50%
2 - 0% - 50%
44 Defense
1 - 0% - 50%
2 - 0% - 50%
Last Minute Offensive - 0:00
Last Minute Defensive - 0:00
Total
Forward - 60:00
Defense - 60:00
|
Play-by-Play
1st period
0:01 of 1st period - John Tavares wins face-off versus Alex Ovechkin in neutral zone.
0:03 of 1st period - Off-side.
0:04 of 1st period - John Tavares wins face-off versus Brayden Point in neutral zone.
0:07 of 1st period - David Savard is hit by John Tavares and loses puck.
0:31 of 1st period - John Carlson is hit by Esa Lindell.
0:45 of 1st period - Wrist shot by Chandler Stephenson.
0:45 of 1st period - Shot Misses the Net.
0:59 of 1st period - Snap shot by Brayden Schenn.
0:59 of 1st period - Shot Blocked by David Savard.
1:01 of 1st period - Wrist shot by Brayden Schenn.
1:01 of 1st period - Stopped by Jake Oettinger with a rebound.
1:03 of 1st period - Snap shot by J.T. Compher.
1:03 of 1st period - Shot Misses the Net.
1:05 of 1st period - Slapshot by Brenden Dillon.
1:05 of 1st period - Shot Misses the Net.
1:15 of 1st period - David Savard is hit by Calle Jarnkrok and loses puck.
1:37 of 1st period - Off-side.
1:38 of 1st period - Brayden Point wins face-off versus William Nylander in neutral zone.
3:16 of 1st period - Wrist shot by Brad Marchand.
3:16 of 1st period - Stopped by Linus Ullmark with a rebound.
3:34 of 1st period - Wrist shot by Brad Marchand.
3:34 of 1st period - Deflect By Jason Robertson.
3:34 of 1st period - Shot Blocked by Brenden Dillon.
3:34 of 1st period - Puck is out of play.
3:35 of 1st period - Brayden Point wins face-off versus John Tavares in Anaheim Ducks zone.
3:44 of 1st period - Snap shot by John Tavares.
3:44 of 1st period - Stopped by Jake Oettinger with a rebound.
5:18 of 1st period - Wrist shot by Mark Scheifele.
5:18 of 1st period - Shot Misses the Net.
5:28 of 1st period - Backhand shot by William Nylander.
5:28 of 1st period - Shot Misses the Net.
5:30 of 1st period - Wrist shot by Mark Scheifele.
5:30 of 1st period - Shot Misses the Net.
5:40 of 1st period - Snap shot by Nazem Kadri.
5:40 of 1st period - Shot Misses the Net.
6:55 of 1st period - Slapshot by Jason Robertson.
6:55 of 1st period - Stopped by Linus Ullmark without a rebound.
6:56 of 1st period - Jordan Kyrou wins face-off versus Alex Killorn in Anaheim Ducks zone.
7:01 of 1st period - Wrist shot by Alex Ovechkin.
7:01 of 1st period - Shot Misses the Net.
7:03 of 1st period - Slapshot by Nick Jensen.
7:03 of 1st period - Stopped by Linus Ullmark with a rebound.
7:11 of 1st period - Wrist shot by Jordan Kyrou.
7:11 of 1st period - Shot Misses the Net.
7:31 of 1st period - Wrist shot by Brad Marchand.
7:31 of 1st period - Shot Blocked by Joshua Morrissey.
7:33 of 1st period - Wrist shot by Erik Johnson.
7:33 of 1st period - Stopped by Linus Ullmark without a rebound.
7:34 of 1st period - John Tavares wins face-off versus Brayden Point in Anaheim Ducks zone.
7:41 of 1st period - Slapshot by William Nylander.
7:41 of 1st period - Stopped by Jake Oettinger without a rebound.
7:42 of 1st period - John Tavares wins face-off versus Brayden Point in Washington Capitals zone.
8:05 of 1st period - Wrist shot by Mark Scheifele.
8:05 of 1st period - Shot Misses the Net.
8:07 of 1st period - Wrist shot by Mark Scheifele.
8:07 of 1st period - Stopped by Jake Oettinger with a rebound.
8:09 of 1st period - Snap shot by Mark Scheifele.
8:09 of 1st period - Shot Misses the Net.
8:11 of 1st period - Wrist shot by Mark Scheifele.
8:11 of 1st period - Stopped by Jake Oettinger without a rebound.
8:12 of 1st period - Chandler Stephenson wins face-off versus Nick Foligno in Washington Capitals zone.
8:18 of 1st period - Off-side.
8:19 of 1st period - Nick Foligno wins face-off versus Chandler Stephenson in neutral zone.
8:22 of 1st period - Snap shot by Owen Tippett.
8:22 of 1st period - Stopped by Linus Ullmark with a rebound.
8:24 of 1st period - Slapshot by Nick Jensen.
8:24 of 1st period - Deflect By Drake Batherson.
8:24 of 1st period - Deflect By Joshua Morrissey.
8:24 of 1st period - Shot Misses the Net.
8:24 of 1st period - Puck is out of play.
8:25 of 1st period - Chandler Stephenson wins face-off versus Brayden Point in Anaheim Ducks zone.
8:32 of 1st period - Slapshot by Jordan Kyrou.
8:32 of 1st period - Stopped by Linus Ullmark without a rebound.
8:33 of 1st period - Chandler Stephenson wins face-off versus Brayden Point in Anaheim Ducks zone.
8:57 of 1st period - Alex Killorn is hit by Alex Ovechkin and loses puck.
9:26 of 1st period - Snap shot by Alex Ovechkin.
9:26 of 1st period - Stopped by Linus Ullmark without a rebound.
9:27 of 1st period - Nico Hischier wins face-off versus John Tavares in Anaheim Ducks zone.
9:36 of 1st period - Wrist shot by Nico Hischier.
9:36 of 1st period - Stopped by Linus Ullmark with a rebound.
9:54 of 1st period - Brenden Dillon is hit by Erik Johnson and loses puck.
10:05 of 1st period - Slapshot by Owen Tippett.
10:05 of 1st period - Goal by Owen Tippett - Washington Capitals : 1 - Anaheim Ducks : 0.
10:06 of 1st period - Mark Scheifele wins face-off versus Nico Hischier in neutral zone.
10:17 of 1st period - Wrist shot by Nico Hischier.
10:17 of 1st period - Stopped by Linus Ullmark without a rebound.
10:18 of 1st period - Brayden Point wins face-off versus John Tavares in Anaheim Ducks zone.
10:29 of 1st period - Slapshot by Alex Ovechkin.
10:29 of 1st period - Shot Blocked by Brenden Dillon.
10:45 of 1st period - Brenden Dillon is hit by Erik Cernak and loses puck.
11:06 of 1st period - Slapshot by Alex Killorn.
11:06 of 1st period - Stopped by Jake Oettinger with a rebound.
11:08 of 1st period - Snap shot by Max Domi.
11:08 of 1st period - Shot Misses the Net.
11:33 of 1st period - Snap shot by Jordan Kyrou.
11:33 of 1st period - Deflect By Brayden Point.
11:33 of 1st period - Shot Misses the Net.
11:33 of 1st period - Puck is out of play.
11:34 of 1st period - Nico Hischier wins face-off versus John Tavares in Anaheim Ducks zone.
11:45 of 1st period - Snap shot by Brad Marchand.
11:45 of 1st period - Stopped by Linus Ullmark with a rebound.
11:47 of 1st period - Slapshot by Jason Robertson.
11:47 of 1st period - Stopped by Linus Ullmark with a rebound.
12:12 of 1st period - Brayden Point is hit by Joshua Morrissey and loses puck.
14:17 of 1st period - Wrist shot by Brad Marchand.
14:17 of 1st period - Stopped by Linus Ullmark without a rebound.
14:18 of 1st period - Nico Hischier wins face-off versus Nazem Kadri in Anaheim Ducks zone.
14:54 of 1st period - Snap shot by Jordan Kyrou.
14:54 of 1st period - Stopped by Linus Ullmark with a rebound.
15:31 of 1st period - Snap shot by Jason Zucker.
15:31 of 1st period - Shot Misses the Net.
15:33 of 1st period - Slapshot by Erik Johnson.
15:33 of 1st period - Deflect By Jason Zucker.
15:33 of 1st period - Stopped by Linus Ullmark with a rebound.
15:43 of 1st period - Snap shot by Nazem Kadri.
15:43 of 1st period - Shot Misses the Net.
16:43 of 1st period - Ian Cole is hit by Josh Manson and loses puck.
17:20 of 1st period - Wrist shot by Drake Batherson.
17:20 of 1st period - Stopped by Linus Ullmark without a rebound.
17:21 of 1st period - Brayden Point wins face-off versus John Tavares in Anaheim Ducks zone.
17:30 of 1st period - Snap shot by John Tavares.
17:30 of 1st period - Deflect By Mark Scheifele.
17:30 of 1st period - Stopped by Jake Oettinger with a rebound.
17:36 of 1st period - Wrist shot by John Tavares.
17:36 of 1st period - Stopped by Jake Oettinger without a rebound.
17:37 of 1st period - Jason Robertson wins face-off versus Alex Killorn in Washington Capitals zone.
19:24 of 1st period - Snap shot by William Nylander.
19:24 of 1st period - Stopped by Jake Oettinger without a rebound.
19:25 of 1st period - Alex Ovechkin wins face-off versus John Tavares in Washington Capitals zone.
19:38 of 1st period - Snap shot by William Nylander.
19:38 of 1st period - Deflect By John Tavares.
19:38 of 1st period - Stopped by Jake Oettinger with a rebound.
19:44 of 1st period - Mark Scheifele is hit by Alex Ovechkin and loses puck.
Goals for this period are 1 for Washington Capitals vs 0 for Anaheim Ducks.
Shots for this period are 16 for Washington Capitals vs 10 for Anaheim Ducks.
2nd period
0:01 of 2nd period - John Tavares wins face-off versus Brayden Point in neutral zone.
0:06 of 2nd period - Snap shot by Mark Scheifele.
0:06 of 2nd period - Stopped by Jake Oettinger with a rebound.
0:08 of 2nd period - Snap shot by Mark Scheifele.
0:08 of 2nd period - Shot Blocked by John Carlson.
0:10 of 2nd period - Wrist shot by Mark Scheifele.
0:10 of 2nd period - Shot Blocked by John Carlson.
2:00 of 2nd period - Snap shot by Jason Robertson.
2:00 of 2nd period - Stopped by Linus Ullmark with a rebound.
2:59 of 2nd period - Off-side.
3:00 of 2nd period - John Tavares wins face-off versus Jason Robertson in neutral zone.
3:11 of 2nd period - Slapshot by John Tavares.
3:11 of 2nd period - Stopped by Jake Oettinger without a rebound.
3:12 of 2nd period - John Tavares wins face-off versus Brayden Point in Washington Capitals zone.
3:19 of 2nd period - Snap shot by Mark Scheifele.
3:19 of 2nd period - Stopped by Jake Oettinger without a rebound.
3:20 of 2nd period - Brayden Point wins face-off versus William Nylander in Washington Capitals zone.
3:24 of 2nd period - Off-side.
3:25 of 2nd period - Brayden Point wins face-off versus John Tavares in neutral zone.
3:36 of 2nd period - Snap shot by Brayden Point.
3:36 of 2nd period - Shot Hit the Post.
3:38 of 2nd period - Wrist shot by Brayden Point.
3:38 of 2nd period - Goal by Brayden Point - Washington Capitals : 2 - Anaheim Ducks : 0.
3:39 of 2nd period - Brayden Point wins face-off versus John Tavares in neutral zone.
4:18 of 2nd period - Snap shot by Alex Killorn.
4:18 of 2nd period - Shot Blocked by David Savard.
4:20 of 2nd period - Snap shot by Max Domi.
4:20 of 2nd period - Stopped by Jake Oettinger without a rebound.
4:21 of 2nd period - Teuvo Teravainen wins face-off versus Nick Foligno in Washington Capitals zone.
4:46 of 2nd period - Josh Manson is hit by Ian Cole and loses puck.
5:27 of 2nd period - Minor Penalty to Mason Marchment for Slashing.
5:28 of 2nd period - Chandler Stephenson wins face-off versus Brayden Point in Anaheim Ducks zone.
5:40 of 2nd period - Slapshot by Alex Ovechkin.
5:40 of 2nd period - Shot Misses the Net.
6:00 of 2nd period - Snap shot by Nico Hischier.
6:00 of 2nd period - Stopped by Linus Ullmark without a rebound.
6:01 of 2nd period - J.T. Compher wins face-off versus Brayden Point in Anaheim Ducks zone.
6:14 of 2nd period - Snap shot by Alex Ovechkin.
6:14 of 2nd period - Shot Blocked by Alex Killorn.
7:16 of 2nd period - Brenden Dillon is hit by Nick Jensen and loses puck.
7:27 of 2nd period - Penalty to Mason Marchment is over, Mason Marchment is back on ice.
8:33 of 2nd period - Alex Ovechkin is hit by Josh Manson and loses puck.
8:48 of 2nd period - Ivan Provorov is hit by Dominik Kubalik and loses puck.
9:27 of 2nd period - Slapshot by Owen Tippett.
9:27 of 2nd period - Stopped by Linus Ullmark with a rebound.
9:57 of 2nd period - Snap shot by Dominik Kubalik.
9:57 of 2nd period - Goal by Dominik Kubalik - Washington Capitals : 3 - Anaheim Ducks : 0.
9:58 of 2nd period - Brayden Point wins face-off versus Chandler Stephenson in neutral zone.
10:05 of 2nd period - Snap shot by Brayden Point.
10:05 of 2nd period - Shot Misses the Net.
10:32 of 2nd period - Wrist shot by Brad Marchand.
10:32 of 2nd period - Shot Blocked by Jakob Chychrun.
10:34 of 2nd period - Wrist shot by Jason Robertson.
10:34 of 2nd period - Stopped by Linus Ullmark with a rebound.
10:36 of 2nd period - Slapshot by Erik Cernak.
10:36 of 2nd period - Shot Misses the Net.
10:43 of 2nd period - Icing by Brenden Dillon.
10:44 of 2nd period - John Tavares wins face-off versus Nick Foligno in Anaheim Ducks zone.
11:34 of 2nd period - Wrist shot by Drake Batherson.
11:34 of 2nd period - Deflect By Owen Tippett.
11:34 of 2nd period - Shot Misses the Net.
11:34 of 2nd period - Puck is out of play.
11:35 of 2nd period - John Tavares wins face-off versus Brayden Point in Anaheim Ducks zone.
11:46 of 2nd period - Snap shot by Alex Ovechkin.
11:46 of 2nd period - Shot Blocked by Mark Scheifele.
11:51 of 2nd period - Josh Manson beats up Brayden Point.
11:51 of 2nd period - Penalty to Josh Manson for Fighting.
11:51 of 2nd period - Penalty to Brayden Point for Fighting.
11:52 of 2nd period - Chandler Stephenson wins face-off versus Drake Batherson in neutral zone.
13:05 of 2nd period - J.T. Compher is hit by Alex Ovechkin and loses puck.
13:26 of 2nd period - Icing by Brenden Dillon.
13:27 of 2nd period - Dominik Kubalik wins face-off versus Nazem Kadri in Anaheim Ducks zone.
13:33 of 2nd period - Minor Penalty to Erik Cernak for Hooking.
13:34 of 2nd period - Nico Hischier wins face-off versus John Tavares in Washington Capitals zone.
14:00 of 2nd period - Brad Marchand is hit by Joshua Morrissey.
14:04 of 2nd period - Snap shot by Chandler Stephenson.
14:04 of 2nd period - Shot Blocked by David Savard.
14:06 of 2nd period - Wrist shot by Brayden Schenn.
14:06 of 2nd period - Shot Misses the Net.
14:08 of 2nd period - Slapshot by Esa Lindell.
14:08 of 2nd period - Stopped by Jake Oettinger with a rebound.
14:10 of 2nd period - Slapshot by Chandler Stephenson.
14:10 of 2nd period - Stopped by Jake Oettinger without a rebound.
14:11 of 2nd period - Nico Hischier wins face-off versus John Tavares in Washington Capitals zone.
14:44 of 2nd period - Snap shot by Alex Killorn.
14:44 of 2nd period - Shot Misses the Net.
15:33 of 2nd period - Penalty to Erik Cernak is over, Erik Cernak is back on ice.
15:44 of 2nd period - Snap shot by Alex Ovechkin.
15:44 of 2nd period - Stopped by Linus Ullmark without a rebound.
15:45 of 2nd period - Drake Batherson wins face-off versus Nazem Kadri in Anaheim Ducks zone.
15:46 of 2nd period - Snap shot by Alex Ovechkin.
15:46 of 2nd period - Shot Misses the Net.
15:48 of 2nd period - Snap shot by Alex Ovechkin.
15:48 of 2nd period - Stopped by Linus Ullmark without a rebound.
15:49 of 2nd period - John Tavares wins face-off versus Drake Batherson in Anaheim Ducks zone.
16:31 of 2nd period - Wrist shot by Drake Batherson.
16:31 of 2nd period - Shot Blocked by Ivan Provorov.
16:33 of 2nd period - Snap shot by Jordan Kyrou.
16:33 of 2nd period - Stopped by Linus Ullmark with a rebound.
16:35 of 2nd period - Slapshot by Erik Cernak.
16:35 of 2nd period - Stopped by Linus Ullmark with a rebound.
16:37 of 2nd period - Snap shot by Alex Ovechkin.
16:37 of 2nd period - Stopped by Linus Ullmark with a rebound.
16:39 of 2nd period - Wrist shot by Jordan Kyrou.
16:39 of 2nd period - Shot Misses the Net.
16:41 of 2nd period - Slapshot by Ian Cole.
16:41 of 2nd period - Stopped by Linus Ullmark with a rebound.
16:43 of 2nd period - Slapshot by Ian Cole.
16:43 of 2nd period - Shot Blocked by Chandler Stephenson.
16:45 of 2nd period - Snap shot by Erik Cernak.
16:45 of 2nd period - Deflect By Jordan Kyrou.
16:45 of 2nd period - Stopped by Linus Ullmark without a rebound.
16:46 of 2nd period - Nico Hischier wins face-off versus John Tavares in Anaheim Ducks zone.
16:49 of 2nd period - Snap shot by Jason Robertson.
16:49 of 2nd period - Shot Blocked by Joshua Morrissey.
16:51 of 2nd period - Snap shot by Nico Hischier.
16:51 of 2nd period - Goal by Nico Hischier - Washington Capitals : 4 - Anaheim Ducks : 0.
16:52 of 2nd period - Nico Hischier wins face-off versus John Tavares in neutral zone.
17:04 of 2nd period - Wrist shot by Brad Marchand.
17:04 of 2nd period - Shot Blocked by William Nylander.
17:17 of 2nd period - Icing by Nico Hischier.
17:18 of 2nd period - Chandler Stephenson wins face-off versus Brayden Point in Washington Capitals zone.
17:27 of 2nd period - Slapshot by Alex Killorn.
17:27 of 2nd period - Stopped by Jake Oettinger with a rebound.
17:29 of 2nd period - Slapshot by Jakob Chychrun.
17:29 of 2nd period - Stopped by Jake Oettinger without a rebound.
17:30 of 2nd period - John Tavares wins face-off versus Nico Hischier in Washington Capitals zone.
17:31 of 2nd period - Snap shot by William Nylander.
17:31 of 2nd period - Stopped by Jake Oettinger with a rebound.
17:44 of 2nd period - Brenden Dillon and Ian Cole fight to a draw.
17:44 of 2nd period - Penalty to Brenden Dillon for Fighting.
17:44 of 2nd period - Penalty to Ian Cole for Fighting.
17:44 of 2nd period - Penalty to Brenden Dillon for instigated a fight.
17:44 of 2nd period - Penalty to Brenden Dillon for instigated a fight.
17:45 of 2nd period - Chandler Stephenson wins face-off versus Brayden Point in Anaheim Ducks zone.
17:54 of 2nd period - Snap shot by John Carlson.
17:54 of 2nd period - Stopped by Linus Ullmark without a rebound.
17:55 of 2nd period - Chandler Stephenson wins face-off versus Brayden Point in Anaheim Ducks zone.
18:06 of 2nd period - Slapshot by Jason Robertson.
18:06 of 2nd period - Stopped by Linus Ullmark without a rebound.
18:07 of 2nd period - Chandler Stephenson wins face-off versus Brayden Point in Anaheim Ducks zone.
18:14 of 2nd period - Snap shot by Alex Killorn.
18:14 of 2nd period - Shot Blocked by Brayden Point.
18:38 of 2nd period - Ivan Provorov is hit by Owen Tippett and loses puck.
19:04 of 2nd period - Icing by Alex Ovechkin.
19:05 of 2nd period - Brayden Point wins face-off versus Alex Killorn in Washington Capitals zone.
19:44 of 2nd period - Penalty to Brenden Dillon is over, Brayden Schenn is send on ice.
19:47 of 2nd period - Wrist shot by Chandler Stephenson.
19:47 of 2nd period - Shot Misses the Net.
19:56 of 2nd period - Icing by Dominik Kubalik.
19:57 of 2nd period - John Tavares wins face-off versus Jason Zucker in Washington Capitals zone.
Goals for this period are 3 for Washington Capitals vs 0 for Anaheim Ducks.
Shots for this period are 16 for Washington Capitals vs 9 for Anaheim Ducks.
3rd period
0:01 of 3rd period - Brayden Point wins face-off versus John Tavares in neutral zone.
0:16 of 3rd period - Slapshot by Brayden Point.
0:16 of 3rd period - Stopped by Linus Ullmark with a rebound.
0:26 of 3rd period - Brad Marchand is hit by Jakob Chychrun and loses puck.
0:55 of 3rd period - Snap shot by Calle Jarnkrok.
0:55 of 3rd period - Stopped by Jake Oettinger without a rebound.
0:56 of 3rd period - Nazem Kadri wins face-off versus Brayden Point in Washington Capitals zone.
1:10 of 3rd period - Snap shot by Calle Jarnkrok.
1:10 of 3rd period - Shot Misses the Net.
1:14 of 3rd period - Wrist shot by Nazem Kadri.
1:14 of 3rd period - Shot Misses the Net.
1:16 of 3rd period - Slapshot by Calle Jarnkrok.
1:16 of 3rd period - Shot Misses the Net.
1:18 of 3rd period - Wrist shot by Nazem Kadri.
1:18 of 3rd period - Stopped by Jake Oettinger with a rebound.
1:38 of 3rd period - Slapshot by Alex Ovechkin.
1:38 of 3rd period - Stopped by Linus Ullmark without a rebound.
1:39 of 3rd period - Nico Hischier wins face-off versus John Tavares in Anaheim Ducks zone.
1:48 of 3rd period - Jakob Chychrun is hit by Nico Hischier.
2:06 of 3rd period - Max Domi is hit by Nick Foligno and loses puck.
2:15 of 3rd period - Snap shot by Drake Batherson.
2:15 of 3rd period - Stopped by Linus Ullmark with a rebound.
2:17 of 3rd period - Wrist shot by Nick Foligno.
2:17 of 3rd period - Shot Misses the Net.
2:32 of 3rd period - Snap shot by Teuvo Teravainen.
2:32 of 3rd period - Shot Blocked by John Carlson.
2:34 of 3rd period - Minor Penalty to Cody Glass for Hooking.
2:35 of 3rd period - Nico Hischier wins face-off versus John Tavares in Washington Capitals zone.
2:44 of 3rd period - Penalty to Ian Cole is over, Ian Cole is back on ice.
2:46 of 3rd period - William Nylander is hit by Nico Hischier.
4:34 of 3rd period - Penalty to Cody Glass is over, Cody Glass is back on ice.
4:52 of 3rd period - Snap shot by Brayden Point.
4:52 of 3rd period - Stopped by Linus Ullmark without a rebound.
4:53 of 3rd period - Brayden Point wins face-off versus Nazem Kadri in Anaheim Ducks zone.
5:01 of 3rd period - Icing by Josh Manson.
5:02 of 3rd period - Nazem Kadri wins face-off versus Nico Hischier in Anaheim Ducks zone.
5:19 of 3rd period - Snap shot by Nazem Kadri.
5:19 of 3rd period - Shot Misses the Net.
5:21 of 3rd period - Snap shot by Mason Marchment.
5:21 of 3rd period - Shot Blocked by John Carlson.
5:25 of 3rd period - Snap shot by Nazem Kadri.
5:25 of 3rd period - Shot Blocked by David Savard.
5:27 of 3rd period - Wrist shot by Mason Marchment.
5:27 of 3rd period - Shot Misses the Net.
5:29 of 3rd period - Slapshot by Josh Manson.
5:29 of 3rd period - Deflect By Nazem Kadri.
5:29 of 3rd period - Stopped by Jake Oettinger without a rebound.
5:30 of 3rd period - John Tavares wins face-off versus Jordan Kyrou in Washington Capitals zone.
5:39 of 3rd period - Wrist shot by William Nylander.
5:39 of 3rd period - Stopped by Jake Oettinger without a rebound.
5:40 of 3rd period - Brayden Point wins face-off versus John Tavares in Washington Capitals zone.
6:00 of 3rd period - Jordan Kyrou is hit by Mark Scheifele and loses puck.
6:07 of 3rd period - Snap shot by John Tavares.
6:07 of 3rd period - Deflect By Mark Scheifele.
6:07 of 3rd period - Stopped by Jake Oettinger with a rebound.
6:09 of 3rd period - Wrist shot by John Tavares.
6:09 of 3rd period - Stopped by Jake Oettinger with a rebound.
6:15 of 3rd period - Slapshot by William Nylander.
6:15 of 3rd period - Stopped by Jake Oettinger without a rebound.
6:16 of 3rd period - Chandler Stephenson wins face-off versus Nico Hischier in Washington Capitals zone.
6:19 of 3rd period - Wrist shot by Chandler Stephenson.
6:19 of 3rd period - Stopped by Jake Oettinger without a rebound.
6:20 of 3rd period - Nico Hischier wins face-off versus Chandler Stephenson in Washington Capitals zone.
6:29 of 3rd period - Slapshot by Chandler Stephenson.
6:29 of 3rd period - Goal by Chandler Stephenson - Washington Capitals : 4 - Anaheim Ducks : 1.
6:30 of 3rd period - Brayden Point wins face-off versus John Tavares in neutral zone.
6:33 of 3rd period - Wrist shot by Brayden Point.
6:33 of 3rd period - Stopped by Linus Ullmark with a rebound.
6:35 of 3rd period - Slapshot by Erik Cernak.
6:35 of 3rd period - Stopped by Linus Ullmark without a rebound.
6:36 of 3rd period - John Tavares wins face-off versus Brayden Point in Anaheim Ducks zone.
6:36 of 3rd period - John Tavares is hit by Jordan Kyrou.
6:43 of 3rd period - Minor Penalty to Erik Cernak for Interference.
6:44 of 3rd period - John Tavares wins face-off versus Brad Marchand in Washington Capitals zone.
7:11 of 3rd period - Ian Cole is hit by Brayden Schenn and loses puck.
8:28 of 3rd period - Nick Foligno is hit by Mark Scheifele and loses puck.
8:43 of 3rd period - Penalty to Erik Cernak is over, Erik Cernak is back on ice.
9:33 of 3rd period - Teuvo Teravainen is hit by John Carlson and loses puck.
10:31 of 3rd period - Nick Jensen is hit by Brayden Schenn and loses puck.
10:49 of 3rd period - Ian Cole is hit by Mark Scheifele and loses puck.
11:16 of 3rd period - Ian Cole is hit by Brayden Schenn and loses puck.
11:41 of 3rd period - Dominik Kubalik is hit by John Tavares and loses puck.
11:52 of 3rd period - Ivan Provorov is hit by Nico Hischier and loses puck.
12:05 of 3rd period - Josh Manson is hit by Alex Ovechkin and loses puck.
12:18 of 3rd period - Erik Johnson is hit by John Tavares and loses puck.
12:29 of 3rd period - Jakob Chychrun is hit by Jason Robertson and loses puck.
12:44 of 3rd period - 10 Minutes Misconduct Penalty to Brenden Dillon is over.
12:55 of 3rd period - Ivan Provorov is hit by Jordan Kyrou and loses puck.
13:20 of 3rd period - Alex Killorn is hit by Cody Glass and loses puck.
13:33 of 3rd period - Brad Marchand is hit by J.T. Compher and loses puck.
13:37 of 3rd period - Icing by John Carlson.
13:38 of 3rd period - Jason Robertson wins face-off versus J.T. Compher in Washington Capitals zone.
13:47 of 3rd period - Teuvo Teravainen is hit by Brad Marchand and loses puck.
13:58 of 3rd period - John Carlson is hit by Ivan Provorov and loses puck.
14:11 of 3rd period - J.T. Compher is hit by Nico Hischier and loses puck.
15:04 of 3rd period - Wrist shot by Brayden Schenn.
15:04 of 3rd period - Stopped by Jake Oettinger with a rebound.
15:12 of 3rd period - Brenden Dillon is hit by Erik Cernak and loses puck.
15:21 of 3rd period - Slapshot by Nico Hischier.
15:21 of 3rd period - Deflect By Jason Robertson.
15:21 of 3rd period - Shot Blocked by Teuvo Teravainen.
15:21 of 3rd period - Puck is out of play.
15:22 of 3rd period - John Tavares wins face-off versus Brayden Point in Anaheim Ducks zone.
15:29 of 3rd period - Slapshot by John Tavares.
15:29 of 3rd period - Stopped by Jake Oettinger without a rebound.
15:30 of 3rd period - Brayden Point wins face-off versus John Tavares in Washington Capitals zone.
15:35 of 3rd period - Snap shot by Brayden Point.
15:35 of 3rd period - Deflect By Alex Ovechkin.
15:35 of 3rd period - Stopped by Linus Ullmark with a rebound.
15:37 of 3rd period - Minor Penalty to Mark Scheifele for Slashing.
15:38 of 3rd period - Brayden Point wins face-off versus Chandler Stephenson in Anaheim Ducks zone.
17:37 of 3rd period - Penalty to Mark Scheifele is over, Mark Scheifele is back on ice.
17:39 of 3rd period - Backhand shot by Dominik Kubalik.
17:39 of 3rd period - Shot Misses the Net.
18:59 of 3rd period - Snap shot by Alex Killorn.
18:59 of 3rd period - Stopped by Jake Oettinger with a rebound.
19:01 of 3rd period - Wrist shot by Max Domi.
19:01 of 3rd period - Stopped by Jake Oettinger with a rebound.
19:03 of 3rd period - Slapshot by Max Domi.
19:03 of 3rd period - Stopped by Jake Oettinger with a rebound.
19:13 of 3rd period - Joshua Morrissey is hit by John Carlson.
19:30 of 3rd period - Snap shot by John Tavares.
19:30 of 3rd period - Deflect By Mark Scheifele.
19:30 of 3rd period - Shot Misses the Net.
19:30 of 3rd period - Puck is out of play.
19:31 of 3rd period - Brayden Point wins face-off versus John Tavares in Washington Capitals zone.
19:37 of 3rd period - Off-side.
19:38 of 3rd period - John Tavares wins face-off versus Brayden Point in neutral zone.
Goals for this period are 0 for Washington Capitals vs 1 for Anaheim Ducks.
Shots for this period are 7 for Washington Capitals vs 14 for Anaheim Ducks.
Back to the Top